 Dungeon Crawl Stone Soup version 0.27.1 (webtiles) character file.

Game seed: 12146191271924939441

4542 MajorAdolf the Destroyer (level 10, -2/82 HPs)
             Began as a Naga Wanderer on Aug 22, 2021.
             Was an Initiate of Gozag.
             Slain by Gastronok (18 damage)
             ... on level 9 of the Dungeon.
             The game lasted 00:28:52 (14040 turns).

MajorAdolf the Destroyer (Naga Wanderer)           Turns: 14040, Time: 00:28:52

Health: -2/82      AC:  7    Str: 13    XL:     10   Next: 40%
Magic:  1/11       EV:  7    Int: 22    God:    Gozag
Gold:   820        SH: 16    Dex: 16    Spells: 9/11 levels left

rFire    + . .     SeeInvis +   p - +3 dagger (venom)
rCold    . . .     Faith    .   y - +2 kite shield of Starshine {rN+ Dex+4}
rNeg     + . .     Spirit   .   a - +0 troll leather armour {Purgy}
rPois    +         Reflect  +   (no helmet)
rElec    .         Harm     .   F - +0 cloak
rCorr    .         Rampage  .   E - +0 pair of gloves
Will     +....                  (no barding)
Stlth    ++........             i - amulet of reflection
HPRegen  1.23/turn              v - ring of protection from fire
MPRegen  0.12/turn              C - +6 ring of intelligence

@: very slow
A: AC +3, large, see invisible, deformed body, poison resistance, slowness 2,
spit poison 1, naga tail 1
a: Spit Poison, Renounce Religion, Potion Petition, Call Merchant, Bribe Branch


You were on level 9 of the Dungeon.
You worshipped Gozag.
Gozag was pleased with you.
You visited 2 branches of the dungeon, and saw 10 of its levels.
You visited the Abyss 1 time.
You also visited: Sewer.

You collected 1128 gold pieces.
You spent 247 gold pieces at shops.
You paid 61 gold pieces to Gozag.

Inventory:

Hand Weapons
 l - a +1 dagger of protection
 p - a +3 dagger of venom (weapon)
Missiles
 j - 2 javelins
Armour
 a - a +0 troll leather armour (worn) {Purgy}
 y - the +2 kite shield of Starshine (worn) {rN+ Dex+4}
   (You bought it in a shop on level 4 of the Dungeon)

   Dex:       It affects your dexterity (+4).
   rN:        It protects you from negative energy.
 E - a +0 pair of gloves (worn)
 F - a +0 cloak (worn)
Jewellery
 d - the ring "Cistrach" {Fire Fly Will+ rCorr}
   (You acquired it on level 4 of the Dungeon)

   [ring of fire]

   It enhances your fire magic.
   rF:        It protects you from fire.
   rC:        It makes you vulnerable to cold.
   Fly:       It grants you flight.
   rCorr:     It protects you from acid and corrosion.
   Will:      It increases your willpower.
 i - an amulet of reflection (around neck)
 v - a ring of protection from fire (left hand)
 C - a +6 ring of intelligence (right hand)
Wands
 D - a wand of polymorph (11)
Scrolls
 e - 3 scrolls of immolation
 g - a scroll of blinking {unknown}
 k - 4 scrolls of teleportation
 m - 3 scrolls of amnesia
 n - a scroll of fear {unknown}
 o - a scroll of enchant armour {unknown}
 x - a scroll of torment {unknown}
Potions
 b - 3 potions of lignification
 c - 2 potions of haste
 f - a potion of heal wounds
 h - a potion of ambrosia
 q - a potion of curing
 r - 2 potions of attraction
 s - a potion of flight {unknown}
 t - a potion of berserk rage {unknown}
 u - a potion of resistance {unknown}
 w - a potion of brilliance {unknown}
 z - 2 potions of cancellation
 A - a potion of invisibility {unknown}
 B - a potion of mutation {unknown}


   Skills:
 - Level 2.9 Fighting
 - Level 1.0 Maces & Flails
 - Level 1.0 Throwing
 - Level 1.0 Armour
 + Level 2.4 Stealth
 + Level 5.3 Shields
 - Level 1.0 Spellcasting
 + Level 9.1 Conjurations
 - Level 2.0 Summonings
 - Level 2.0 Ice Magic
 + Level 9.1 Air Magic
 - Level 1.0 Evocations


You had 9 spell levels left.
You knew the following spells:

 Your Spells              Type           Power      Damage    Failure   Level
a - Static Discharge      Conj/Air       41%        N/A       1%          2

Your spell library contained the following spells:

 Spells                   Type           Power      Damage    Failure   Level
 Summon Small Mammal      Summ           36%        N/A       19%         1
 Animate Skeleton         Necr           2%         N/A       38%         1
 Apportation              Tloc           2%         N/A       38%         1
 Corona                   Hex            1%         N/A       38%         1
 Ensorcelled Hibernation  Hex/Ice        10%        N/A       38%         2
 Call Canine Familiar     Summ           9%         N/A       50%         3
 Slow                     Hex            1%         N/A       54%         2
 Sticky Flame             Conj/Fire      21%        2d4       54%         4
 Confusing Touch          Hex            1%         N/A       77%         3
 Portal Projectile        Hex/Tloc       2%         N/A       77%         3
 Tukima's Dance           Hex            1%         N/A       77%         3
 Vampiric Draining        Necr           0%         2d6       77%         3
 Silence                  Hex/Air        10%        N/A       87%         5
 Dispel Undead            Necr           1%         3d6       99%         4
 Leda's Liquefaction      Hex/Erth       0%         N/A       99%         4
 Passage of Golubria      Tloc           N/A        N/A       99%         4
 Yara's Violent Unravell  Hex/Tmut       0%         3d3       100%        5
 Lehudib's Crystal Spear  Conj/Erth      10%        10d4      100%        8


Dungeon Overview and Level Annotations

Branches:
Dungeon (9/15)             Temple (1/1) D:4            Lair (0/6) D:8
    Orc (0/2) D:9           Sewer (visited)

Altars:
Cheibriados
Dithmenos
Elyvilon
Fedhas
Gozag
Hepliaklqana
Kikubaaqudgha
Makhleb
Nemelex Xobeh
Okawaru
Qazlal
Ru
Sif Muna
Trog
Uskayaw
Vehumet
Wu Jian
Xom
Yredelemnul
Zin
The Shining One
Lugonu

Shops:
D:4 [

Annotations:
D:7 exclusion: downstairs
D:8 Maggie
D:9 Gastronok


Innate Abilities, Weirdness & Mutations

Your serpentine skin is tough. (AC +3)
You have supernaturally acute eyesight. (SInv)
Armour fits poorly on your strangely shaped body.
Your system is resistant to poisons. (rPois)
You cover ground very slowly.
You can spit poison.
You have a snake-like lower body.


Message History

Gastronok is struck by an arc of lightning!
Gastronok is severely wounded.
The bat is struck by an arc of lightning.
You kill the bat!
The bat's corpse disappears in a puff of smoke!
The lightning grounds out.
The quokka bites you but does no damage.
Gastronok is struck by an arc of lightning!
Gastronok is severely wounded.
The river rat is struck by an arc of lightning.
The river rat is heavily wounded.
Gastronok is struck by an arc of lightning.
Gastronok is severely wounded.
The lightning grounds out.
The quokka is struck by an arc of lightning.
You kill the quokka!
The quokka's corpse disappears in a puff of smoke!
Gastronok is struck by an arc of lightning.
Gastronok is almost dead.
You are struck by an arc of lightning.
The lightning grounds out.
Gastronok bites you!!
* * * LOW HITPOINT WARNING * * *
Unknown command.
You are too injured to fight recklessly!
Unknown command.
Casting: Static Discharge (safe; 1% risk of failure)
Confirm with . or Enter, or press ? or * to list all spells.
Gastronok is struck by an arc of lightning.
Gastronok is almost dead.
You are struck by an arc of lightning.
* * * LOW HITPOINT WARNING * * *
Gastronok is struck by an arc of lightning.
Gastronok is almost dead.
The lightning grounds out.
Unknown command.
You hit Gastronok.
Gastronok looks as sick as possible!
Gastronok is almost dead.
Gastronok bites you!!
You die...
Your body crumbles into a pile of gold.

....#......#.........#
....#......#.........#
....#.<....#.........#
....###'#####..#######
...........##..###...##
...........#....#.....#
...........#....#.....# ....
.........(.#...w#.....#.....#
...........#...r@.<...#.....+
...........#'##########.....##
######.........................
# #............w............ #
+......................... #
#.$....................... . $
#........................ .#
####+###+###'####.....## .#
#..........#$$$..#


You could see Gastronok (extremely poisoned) and a river rat (summoned).

Vanquished Creatures
  3 yaks (D:9)
  A wraith (D:9)
  A steam dragon (D:7)
  2 vampire mosquitoes (D:9)
  2 water moccasins (D:7)
  Purgy (Sewer)
  An orc warrior (D:8)
  2 sky beasts
  2 ice beasts (D:7)
  3 black bears
  A hornet zombie (D:7)
  A necrophage (D:5)
  4 centaurs
  3 phantoms (D:4)
  3 bullfrogs
  A wyvern zombie (D:7)
  3 scorpions (D:6)
  A water moccasin skeleton (D:6)
  4 killer bees (D:9)
  4 wights (D:9)
  2 electric eels (D:7)
  A howler monkey (D:9)
  2 bullfrog zombies
  A centaur zombie (D:7)
  5 hounds
  A jelly (D:6)
  3 orc priests
  A gnoll shaman (D:8)
  5 iguanas
  5 orc wizards
  A killer bee zombie (D:8)
  A hound skeleton (D:5)
  A howler monkey zombie (D:5)
  7 gnolls
  2 howler monkey skeletons
  7 adders
  A shadow imp (D:6)
  2 white imps
  3 dart slugs
  16 orcs
  7 ball pythons
  5 endoplasms
  2 giant cockroaches
  8 goblins
  4 hobgoblins
  3 jackals (D:1)
  5 kobolds
  5 quokkas
  16 bats
  5 frilled lizards
  5 rats
175 creatures vanquished.

Vanquished Creatures (others)
  An orc (D:8)
  29 plants (D:7)
  2 withered plants (D:9)
32 creatures vanquished.

Grand Total: 207 creatures vanquished

Notes
Turn   | Place    | Note
-------+----------+-------------------------------------------
     0 | D:1      | MajorAdolf the Naga Wanderer began the quest for the Orb.
     0 | D:1      | MajorAdolf set off with the following items: a +0 mace, a
                  | +2 scale mail, a potion of lignification
     0 | D:1      | Reached XP level 1. HP: 18/18 MP: 2/2
   212 | D:1      | Found a faded altar of an unknown god.
   280 | D:1      | Reached XP level 2. HP: 26/26 MP: 3/3
   878 | D:1      | Reached XP level 3. HP: 15/33 MP: 4/4
  1045 | D:1      | Learned a level 2 spell: Static Discharge
  1722 | D:2      | Reached skill level 1 in Conjurations
  1722 | D:2      | Reached skill level 1 in Air Magic
  2336 | D:3      | Reached XP level 4. HP: 25/40 MP: 5/5
  3750 | D:3      | Reached XP level 5. HP: 8/48 MP: 0/6
  4062 | D:3      | Found a snail-covered altar of Cheibriados.
  4896 | D:4      | Found a glowing drain.
  4900 | Sewer    | Entered a sewer
  4996 | Sewer    | Noticed Purgy
  5023 | Sewer    | Killed Purgy
  5024 | Sewer    | Reached XP level 6. HP: 6/55 MP: 1/7
  5454 | D:4      | Identified a scroll of acquirement
  5454 | D:4      | Acquired the ring "Cistrach" {Fire Fly Will+ rCorr}
  5545 | D:4      | Found a staircase to the Ecumenical Temple.
  5671 | Temple   | Entered the Ecumenical Temple
  5823 | D:4      | Found an opulent altar of Gozag.
  5891 | D:4      | Became a worshipper of Gozag Ym Sagoz the Greedy
  5936 | D:4      | Reached XP level 7. HP: 61/61 MP: 1/8
  6032 | D:4      | Found Vualutsi's Antique Armour Shop.
  6218 | D:4      | Found a white marble altar of Elyvilon.
  6945 | D:5      | Entered Level 5 of the Dungeon
  6958 | D:5      | Reached skill level 5 in Conjurations
  6958 | D:5      | Reached skill level 5 in Air Magic
  7878 | D:5      | Reached XP level 8. HP: 66/68 MP: 6/9
  8431 | D:4      | Bought a heavily runed kite shield for 247 gold pieces
  8431 | D:4      | Identified the +2 kite shield of Starshine {rN+ Dex+4} (You
                  | bought it in a shop on level 4 of the Dungeon)
  8682 | D:6      | Reached skill level 1 in Shields
  9532 | D:6      | Reached XP level 9. HP: 74/74 MP: 3/10
 10644 | D:7      | Found a radiant altar of Vehumet.
 11044 | D:7      | Found a hazy altar of Hepliaklqana.
 11044 | D:7      | Found a sacrificial altar of Ru.
 11045 | D:7      | Found a shimmering blue altar of Sif Muna.
 11773 | D:8      | Noticed Maggie
 11829 | D:8      | Found an iron altar of Okawaru.
 12310 | D:8      | Found a stormy altar of Qazlal.
 12329 | D:8      | Found a shadowy altar of Dithmenos.
 12628 | D:8      | Found a staircase to the Lair.
 12679 | D:8      | Cast into level 2 of the Abyss (Maggie)
 12710 | D:8      | Escaped the Abyss
 13034 | D:9      | Reached XP level 10. HP: 80/82 MP: 4/11
 13187 | D:9      | Found a staircase to the Orcish Mines.
 13196 | D:9      | Found an ornate altar of the Wu Jian Council.
 13214 | D:9      | Reached skill level 5 in Shields
 13478 | D:9      | Found an ancient bone altar of Kikubaaqudgha.
 13483 | D:9      | Found a blossoming altar of Fedhas.
 13491 | D:9      | Reached skill level 1 in Stealth
 13686 | D:9      | Noticed an eight-headed hydra
 13688 | D:9      | Noticed Gastronok
 14040 | D:9      | Slain by Gastronok

Illustrated notes

Levels and vault maps discovered:
D:1:      denvon_arrival_planthouse, layout_basic,
          shapermc_ecumenical_altar_ellora
D:2:      layout_basic, chequers_serial_rivers_large_a
D:3:      layout_rooms, kennysheep_slug_shrine, kennysheep_generic_room_11
D:4:      layout_layer_cave, lemuel_crystal_altar, grunt_gozag_breadcrumbs,
          minmay_temple_entry_offerings, gup_sewer_entry_bowl, serial_shops,
          shop
D:5:      layout_gridville
D:6:      layout_loops_cross
D:7:      layout_loops_ring, vehumet_crystals, gammafunk_temple_overflow_claw,
          serial_bayou_lagoon_a, serial_bayou_pond_b
D:8:      layout_basic, mainiacjoe_overflow_brackets, grunt_qazlal_clouds,
          nicolae_dithmenos_the_darkroom, lair_entry_dummy, uniq_maggie,
          uniq_grum
D:9:      layout_gridville, grunt_temple_overflow_growth_and_decay,
          nicolae_overflow_hidden_temple, old_standard_altar, orc_0_dummy,
          grunt_tough_drop, uniq_gastronok
Temple:   corrupted_temple

Skill      XL: |  1  2  3  4  5  6  7  8  9 10 |
---------------+-------------------------------+-----
Fighting       | 2 |  2.9
Conjurations   | 1 2 3 4 5 7 8 9 |  9.1
Air Magic      | 1 2 3 4 5 7 8 9 |  9.1
Shields        | 2 4 5 |  5.3
Stealth        | 2 |  2.4
Maces & Flails | |  1.0
Throwing       | |  1.0
Armour         | |  1.0
Spellcasting   | |  1.0
Summonings     | |  2.0
Ice Magic      | |  2.0
Evocations     | |  1.0

Action                   |  1- 3 |  4- 6 |  7- 9 | 10-12 || total
-------------------------+-------+-------+-------+-------++-------
Melee: Mace              |    93 |    29 |       |       ||   122
       Dagger            |       |   130 |   195 |    29 ||   354
 Cast: Static Discharge  |       |    33 |   133 |    38 ||   204
 Abil: Spit Poison       |    20 |    31 |    40 |     2 ||    93
  Use: Scroll            |       |     9 |     3 |       ||    12
       Potion            |       |     1 |       |       ||     1
Armor: Scale mail        |    93 |    11 |       |       ||   104
       Skin              |       |    22 |       |       ||    22
       Robe              |       |    16 |       |       ||    16
       Troll leather arm |       |    31 |   106 |    15 ||   152
Dodge: Dodged            |    39 |   105 |    72 |     9 ||   225
Block: Other             |    15 |    49 |    20 |       ||    84
       Reflection        |       |     1 |     9 |     3 ||    13
       Kite shield       |       |       |   222 |    51 ||   273
